 Dungeon Crawl Stone Soup version 0.30-a0-883-g5ad918d77d (webtiles) character file.

Game seed: 15053706180997212709

2324 retardedninja the Shield-Bearer (level 9, 0/71 HPs)
             Began as a Human Fighter on Mar 17, 2023.
             Slain by Duvessa
             ... wielding a +0 rapier
              (17 damage)
             ... on level 7 of the Dungeon.
             The game lasted 00:10:00 (7300 turns).

retardedninja the Shield-Bearer (Human Fighter)     Turns: 7300, Time: 00:10:01

Health: 0/71       AC: 23    Str: 20    XL:     9   Next: 69%
Magic:  9/9        EV:  7    Int:  9    God:
Gold:   379        SH:  5    Dex: 13    Spells: 8/8 levels left

rFire   . . .      SeeInvis .    a - +2 war axe
rCold   . . .      Faith    .    c - +0 buckler
rNeg    . . .      Spirit   .    z - +8 chain mail of Kileamy {rCorr Stlth+}
rPois   .          Reflect  .    (helmet restricted)
rElec   .          Rampage  .    E - +0 cloak
rCorr   +                        l - +0 pair of gloves
Will    .....                    (no boots) Stlth
                                 v - amulet of the acrobat
HPRegen 0.31/turn                (no ring)
MPRegen 0.11/turn                (no ring)

@: no status effects
A: antennae 1, iridescent scales 1, high MP 1
a: no special abilities


You were on level 7 of the Dungeon.
You visited 2 branches of the dungeon, and saw 8 of its levels.

You collected 379 gold pieces.

Inventory:

Hand Weapons
 a - a +2 war axe (weapon)
Armour
 c - a +0 buckler (worn)
 g - a +0 helmet
 l - a +0 pair of gloves (worn)
 z - the +8 chain mail of Kileamy (worn) {rCorr Stlth+}
   (You found it on level 6 of the Dungeon)

   rCorr:     It protects you from acid and corrosion.
   Stlth:     It makes you more stealthy.
 E - a +0 cloak (worn)
Jewellery
 v - an amulet of the acrobat (around neck)
Wands
 u - a wand of mindburst (18)
Scrolls
 f - 3 scrolls of magic mapping {unknown}
 j - a scroll of fear {unknown}
 k - a scroll of torment {unknown}
 m - a scroll of amnesia
 n - 3 scrolls of identify {unknown}
 o - a scroll of immolation {unknown}
 p - 3 scrolls of poison {unknown}
 t - a scroll of noise {unknown}
 w - 2 scrolls of fog {unknown}
 x - 3 scrolls of teleportation
 y - a scroll of acquirement {unknown}
 A - a scroll of blinking {unknown}
 C - a scroll of brand weapon {unknown}
 F - a scroll of vulnerability {unknown}
Potions
 b - a potion of resistance {unknown}
 d - 2 potions of might
 h - a potion of brilliance {unknown}
 i - a potion of haste {unknown}
 r - 2 potions of cancellation
 s - 2 potions of flight
 B - a potion of curing {unknown}
 D - 2 potions of degeneration {unknown}


   Skills:
 + Level 6.8 Fighting
 + Level 6.4 Axes
 + Level 6.8 Armour
 + Level 6.9 Shields


You had 8 spell levels left.
You didn't know any spells.
Your spell library contained the following spells:

 Spells                   Type           Power      Damage    Failure   Level
 Beastly Appendage        Tmut           0%         N/A       99%         1
 Scorch                   Fire           0%         2d5       100%        2
 Sublimation of Blood     Necr           0%         N/A       100%        2
 Wereblood                Tmut           0%         N/A       100%        2
 Hailstorm                Conj/Ice       0%         3d3       100%        3
 Ozocubu's Armour         Ice            0%         N/A       100%        3
 Spider Form              Tmut/Pois      0%         N/A       100%        3
 Flame Wave               Conj/Fire      0%         2d4       100%        4
 Ice Form                 Ice/Tmut       0%         N/A       100%        4
 Simulacrum               Ice/Necr       0%         N/A       100%        6
 Summon Cactus Giant      Summ           0%         N/A       100%        6
 Ozocubu's Refrigeration  Ice            0%         4d7       100%        7
 Summon Hydra             Summ           0%         N/A       100%        7


Dungeon Overview and Level Annotations

Branches:
Dungeon (7/15)             Temple (1/1) D:4

Altars:
Ashenzari
Dithmenos
Fedhas
Hepliaklqana
Nemelex Xobeh
Sif Muna
Trog
Uskayaw
Wu Jian
Xom
Yredelemnul
The Shining One
Ignis

Annotations:
D:3 1 runed translucent door, Crazy Yiuf
D:7 Duvessa


Innate Abilities, Weirdness & Mutations

You have a pair of small antennae on your head.
You are partially covered in iridescent scales. (AC +2)
You have an increased reservoir of magic. (+10% MP)


Message History

Roots grab the bullfrog.
Duvessa is unaffected.
Roots grab Dowan.
The grasping roots constrict Duvessa!
The grasping roots constrict Dowan.
The grasping roots constrict the bullfrog.
The roots release their grip on Duvessa.
You block the bullfrog's attack. Duvessa hits you but does no damage.
Dowan hits you but does no damage.
The bullfrog hits you but does no damage.
Duvessa shouts, "You can run, but you cannot escape us forever!"
Duvessa hits you with a +0 rapier!
* * * LOW HITPOINT WARNING * * *
Unknown command.
Unknown command.
Unknown command.
Unknown command.
Aiming: Fastroot
Press: ? - help, Q - select action, (/) - cycle Shift-Dir - straight line, f - Duvessa, p - bullfrog
Aim: Duvessa, wielding a +0 rapier and wearing a +0 leather armour (heavily wounded, fast)
The roots erupt in riotous growth!
Roots grab Duvessa.
Roots grab the orc.
Dowan is unaffected.
The bullfrog is unaffected.
The now-empty wand crumbles to dust.
The grasping roots constrict Duvessa.
The grasping roots constrict Dowan.
You kill Dowan!
Duvessa weeps, and shakes her weapon.
Duvessa goes berserk!
The grasping roots constrict the orc!
You kill the orc!
The grasping roots constrict the bullfrog.
You kill the bullfrog!
Duvessa completely misses you.
Unknown command.
Unknown command.
Aiming: Mindburst
Press: ? - help, Q - select action Shift-Dir - straight line, f/p - Duvessa
Aim: Duvessa, wielding a +0 rapier and wearing a +0 leather armour (heavily wounded, berserk, fast, constricted by roots, chance to affect: 47%) Duvessa resists with some effort.
The grasping roots constrict Duvessa!
Duvessa hits you with a +0 rapier!
You die...

#. .. ##.# #..
#.. ##.# # ##..#
### #####..@###
##..
#.....e)!.###
##...
.....).##...###
##.... .......
####..#####.....
.......
###...##.....
.......
###........
.......
##.[.....
.......
#.........
.......
#.#######.


You could see Duvessa (berserk, fast, rooted).

Vanquished Creatures
  Sigmund (D:5)
  A water moccasin (D:5)
  A sky beast (D:6)
  An ice beast (D:6)
  A black bear (D:5)
  5 ogres
  A phantom (D:4)
  A kobold brigand (D:6)
  2 bullfrogs
  4 scorpions
  A gnoll sergeant (D:6)
  3 wights (D:5)
  Dowan (D:7)
  4 hounds
  A gnoll bouda (D:6)
  2 sleepcaps
  Jessica (D:2)
  2 iguanas (D:6)
  An orc wizard (D:4)
  A hound skeleton (D:3)
  Robin (D:2)
  4 adders
  12 gnolls
  A white imp (D:6)
  An ufetubus (D:5)
  An adder zombie (D:3)
  2 worms (D:4)
  2 dart slugs
  10 orcs
  4 ball pythons
  3 bats
  2 endoplasms
  2 giant cockroaches
  17 goblins
  6 hobgoblins
  6 jackals
  3 quokkas
  A ball python skeleton (D:3)
  4 frilled lizards
  A giant cockroach zombie (D:3)
  11 kobolds
  A quokka zombie (D:3)
  A rat (D:1)
131 creatures vanquished.

Vanquished Creatures (others)
  3 fungi (D:3)
3 creatures vanquished.

Grand Total: 134 creatures vanquished

Notes
Turn   | Place    | Note
-------+----------+-------------------------------------------
     0 | D:1      | retardedninja the Human Fighter began the quest for the
                  | Orb.
     0 | D:1      | Reached XP level 1. HP: 18/18 MP: 1/1
   121 | D:1      | Reached XP level 2. HP: 24/24 MP: 2/2
   915 | D:2      | Noticed Robin
   954 | D:2      | Reached XP level 3. HP: 21/21 MP: 3/3
   983 | D:2      | Killed Robin
  1359 | D:2      | Found a faded altar of an unknown god.
  1481 | D:2      | Reached XP level 4. HP: 29/30 MP: 4/4
  1618 | D:2      | Noticed Jessica
  1639 | D:2      | Killed Jessica
  2050 | D:3      | Reached XP level 5. HP: 34/42 MP: 5/5
  2877 | D:3      | Found a runed translucent door.
  2878 | D:3      | Noticed Crazy Yiuf
  3369 | D:4      | Found a staircase to the Ecumenical Temple.
  3387 | Temple   | Entered the Ecumenical Temple
  3521 | D:4      | You fall into a shaft and drop 2 floors!
  3543 | D:5      | Entered Level 5 of the Dungeon
  3573 | D:5      | Reached XP level 6. HP: 48/48 MP: 6/6
  3787 | D:4      | Reached XP level 7. HP: 42/55 MP: 7/7
  4365 | D:5      | Noticed a water moccasin
  4398 | D:5      | Killed a water moccasin
  4399 | D:5      | Reached skill level 5 in Fighting
  4399 | D:5      | Reached skill level 5 in Armour
  4399 | D:5      | Reached skill level 5 in Shields
  4844 | D:5      | Reached XP level 8. HP: 48/62 MP: 8/8
  5169 | D:5      | Reached skill level 5 in Axes
  5200 | D:5      | Noticed Sigmund
  5212 | D:5      | Killed Sigmund
  5481 | D:5      | Identified the +1 plate armour "Peisogh" {rPois Stlth+}
  5854 | D:6      | Reached XP level 9. HP: 10/69 MP: 9/9
  6400 | D:6      | Identified the +8 chain mail of Kileamy {rCorr Stlth+}
  6593 | D:6      | Gained mutation: You have a pair of small antennae on your
                  | head. [potion of mutation]
  6593 | D:6      | Gained mutation: You are partially covered in iridescent
                  | scales. (AC +2) [potion of mutation]
  6593 | D:6      | Gained mutation: You have an increased reservoir of magic.
                  | (+10% MP) [potion of mutation]
  7285 | D:7      | Noticed Dowan
  7289 | D:7      | Noticed Duvessa
  7299 | D:7      | Killed Dowan
  7300 | D:7      | Slain by Duvessa

Illustrated notes

Levels and vault maps discovered:
D:1:      lightli_arrival_statue_moat, layout_basic, patterned_corridor
D:2:      layout_loops_cross, chequers_ecumenical_altar_simple_redux,
          minmay_tetromino_o4, uniq_robin, uniq_jessica
D:3:      layout_basic, serial_undead, serial_undead_d, serial_undead_d,
          serial_undead_c, serial_undead_d, uniq_crazy_yiuf_cottage
D:4:      minmay_angry_zag, layout_basic, minmay_temple_entry_ruins,
          kennysheep_generic_room_13
D:5:      layout_basic, uniq_sigmund
D:6:      layout_cave_pools
D:7:      layout_cave_pods, nrook_mini_vaults,
          nicolae_shop_sticking_my_neck_out, uniq_duvessa
Temple:   pdpol_scorched_temple

Skill      XL: |  1  2  3  4  5  6  7  8  9 |
---------------+----------------------------+-----
Axes           | 3 4 5 6 |  6.4
Shields        | 4 5 6 |  6.9
Armour         | 4 5 6 |  6.8
Fighting       | 4 5 6 |  6.8

Action                     |  1- 3 |  4- 6 |  7- 9 || total
---------------------------+-------+-------+-------++-------
  Melee: War axe           |    88 |   115 |   233 ||   436
  Evoke: Wand              |       |     3 |    10 ||    13
    Use: Scroll            |       |     4 |       ||     4
         Potion            |       |     2 |     6 ||     8
 Armour: Scale mail        |     7 |       |       ||     7
         Plate armour      |    63 |    85 |   118 ||   266
         Chain mail        |       |       |    74 ||    74
  Dodge: Dodged            |    24 |    36 |   114 ||   174
  Block: Buckler           |    19 |    27 |    75 ||   121

Table legend: (Time is in decaauts)
 A = Elapsed time spent in this place.
 B = Non-inter-level travel time spent in this place.
 C = Inter-level travel time spent in this place.
 D = Time resting spent in this place.
 E = Time spent auto-exploring this place.
 F = Levels seen in this place.
 G = Mean time per level.
                   A        B        C        D        E       F      G
               +--------+--------+--------+--------+--------+-----+--------+
         Total |   7453 |   7333 |    120 |   2313 |   3722 |   8 |  931.6 |
       Dungeon |   7393 |   7273 |    120 |   2313 |   3686 |   7 | 1056.1 |
        Temple |     59 |     59 |      0 |      0 |     36 |   1 |   59.0 |
               +--------+--------+--------+--------+--------+-----+--------+

Top non-repeatable levels by time:
     D:5: 2216 daAuts
     D:3: 1211 daAuts
     D:2: 1171 daAuts
     D:6: 1152 daAuts
     D:1: 875 daAuts
     D:4: 716 daAuts
  Temple: 59 daAuts
     D:7: 49 daAuts
